[ AOE2 MATCH · #506126855 ]
UnrankedBohemians vs Persians
Player's team · LOSS
Rival team · WIN
[ REPLAY ANALYSIS · EXTRACTED FROM THE RECORDED GAME ]
Feudal
9:43
Castle
—
Imperial
—
| APM avg | 71.2 |
| APM peak | 125 |
| eAPM avg | 28.0 |
| Villagers / military | 54 / 19 |
Focus
⚔️ 55.1% · 🌾 44.9%
Archer ×9 · Scout Cavalry ×6 · Spearman ×3 · Skirmisher ×1
Feudal
21:44
Castle
25:28
Imperial
—
| APM avg | 62.3 |
| APM peak | 105 |
| eAPM avg | 27.5 |
| Villagers / military | 62 / 6 |
Focus
⚔️ 34.2% · 🌾 65.8%
Knight ×3 · Scout Cavalry ×2 · Mangonel ×1
Match map
Initial resources + every placement click. Lines = walls · curves = elevation contours. ◆ gold · ⬟ stone · ● berries · ✦ relic · ◌ wall gap
Your base· Open — 12t gap
Oni.Lewis's base· Open — unwalled flank
Smoothed initial terrain · ◌ = detected wall gap · hover for details
Inputs per minute
— DK | Good_luck - - Oni.Lewis
Build order — DK | Good_luck
118 actions detected in the replay
| 0:01 | Queue | Villager (Male) |
| 0:01 | Queue | Villager (Male) |
| 0:02 | Build | House |
| 0:02 | Build | House |
| 0:14 | Queue | Villager (Male) |
| 0:19 | Queue | Villager (Male) |
| 1:22 | Queue | Villager (Male) |
| 1:23 | Queue | Villager (Male) |
| 2:00 | Queue | Villager (Male) |
| 2:08 | Build | Lumber Camp |
| 2:16 | Queue | Villager (Male) |
| 2:34 | Queue | Villager (Male) |
| 2:50 | Queue | Villager (Male) |
| 3:14 | Queue | Villager (Male) |
| 3:48 | Build | House |
| 3:54 | Queue | Villager (Male) |
| 4:16 | Build | Mill |
| 4:25 | Build | Palisade Wall |
| 4:26 | Build | Palisade Wall |
| 4:27 | Build | Palisade Wall |
| 4:27 | Build | Palisade Wall |
| 4:30 | Queue | Villager (Male) |
| 4:47 | Queue | Villager (Male) |
| 4:51 | Build | House |
| 5:19 | Queue | Villager (Male) |
| 5:45 | Queue | Villager (Male) |
| 5:45 | Research | Loom |
| 6:49 | Research | Feudal Age |
| 7:08 | Queue | Villager (Male) |
| 7:21 | Research | Feudal Age |
| 7:39 | Queue | Villager (Male) |
| 8:22 | Build | Mill |
| 8:29 | Queue | Villager (Male) |
| 8:46 | Queue | Villager (Male) |
| 9:00 | Queue | Villager (Male) |
| 9:19 | Queue | Villager (Male) |
| 9:40 | Queue | Villager (Male) |
| 9:43 | Age | Feudal Age |
| 9:52 | Build | Barracks |
| 10:01 | Queue | Villager (Male) |
| 10:12 | Queue | Villager (Male) |
| 10:21 | Queue | Villager (Male) |
| 11:02 | Build | Stable |
| 11:10 | Queue | Spearman |
| 11:49 | Build | Stable |
| 11:52 | Build | Town Center |
| 12:30 | Queue | Scout Cavalry |
| 12:30 | Build | House |
| 12:47 | Queue | Villager (Male) |
| 12:58 | Queue | Scout Cavalry |
| 13:01 | Queue | Villager (Male) |
| 13:05 | Queue | Villager (Male) |
| 13:26 | Queue | Villager (Male) |
| 13:31 | Queue | Villager (Male) |
| 13:47 | Queue | Scout Cavalry |
| 13:58 | Queue | Villager (Male) |
| 14:24 | Queue | Villager (Male) |
| 14:45 | Queue | Scout Cavalry |
| 16:17 | Queue | Scout Cavalry |
| 16:36 | Build | Town Center |
| 16:57 | Queue | Scout Cavalry |
| 17:57 | Queue | Villager (Male) |
| 18:25 | Queue | Villager (Male) |
| 18:36 | Build | Mining Camp |
| 18:43 | Build | Archery Range |
| 18:49 | Queue | Villager (Male) |
| 19:11 | Queue | Villager (Male) |
| 19:14 | Queue | Archer |
| 19:15 | Build | House |
| 19:26 | Queue | Villager (Male) |
| 19:35 | Queue | Villager (Male) |
| 19:41 | Build | House |
| 19:42 | Build | House |
| 20:10 | Queue | Villager (Male) |
| 20:11 | Queue | Archer |
| 20:20 | Build | Palisade Wall |
| 20:21 | Build | Palisade Wall |
| 20:23 | Build | Palisade Wall |
| 20:27 | Build | Palisade Wall |
| 20:33 | Queue | Villager (Male) |
| 20:36 | Build | House |
| 20:37 | Build | House |
| 20:39 | Queue | Archer |
| 20:43 | Queue | Villager (Male) |
| 20:57 | Build | Farm |
| 21:17 | Queue | Villager (Male) |
| 21:19 | Build | Farm |
| 21:29 | Queue | Archer |
| 21:46 | Queue | Villager (Male) |
| 21:47 | Queue | Archer |
| 21:55 | Build | Mining Camp |
| 22:00 | Queue | Villager (Male) |
| 22:01 | Queue | Archer |
| 22:07 | Build | Farm |
| 22:44 | Queue | Villager (Male) |
| 22:47 | Build | Mill |
| 22:50 | Build | Farm |
| 23:29 | Queue | Villager (Male) |
| 23:32 | Build | Blacksmith |
| 23:38 | Queue | Archer |
| 23:56 | Queue | Villager (Male) |
| 24:07 | Build | Farm |
| 24:33 | Queue | Villager (Male) |
| 24:49 | Queue | Archer |
| 24:53 | Build | Market |
| 25:02 | Queue | Villager (Male) |
| 25:03 | Build | Farm |
| 25:13 | Queue | Archer |
| 25:15 | Queue | Villager (Male) |
| 25:18 | Build | House |
| 25:52 | Queue | Spearman |
| 25:52 | Queue | Spearman |
| 26:01 | Queue | Skirmisher |
| 26:04 | Queue | Villager (Male) |
| 26:05 | Build | House |
| 26:27 | Queue | Villager (Male) |
| 26:56 | Queue | Villager (Male) |
| 27:30 | Research | Castle Age |
Build order — Oni.Lewis
138 actions detected in the replay
| 0:00 | Queue | Villager (Male) |
| 0:00 | Queue | Villager (Male) |
| 0:01 | Queue | Villager (Male) |
| 0:01 | Build | House |
| 0:02 | Build | House |
| 0:11 | Queue | Villager (Male) |
| 0:19 | Queue | Villager (Male) |
| 1:06 | Queue | Villager (Male) |
| 1:37 | Queue | Villager (Male) |
| 1:59 | Build | Lumber Camp |
| 2:31 | Queue | Villager (Male) |
| 2:51 | Queue | Villager (Male) |
| 2:59 | Build | House |
| 3:07 | Queue | Villager (Male) |
| 3:17 | Queue | Villager (Male) |
| 3:30 | Queue | Villager (Male) |
| 4:05 | Queue | Villager (Male) |
| 4:44 | Queue | Villager (Male) |
| 4:59 | Queue | Villager (Male) |
| 5:10 | Queue | Villager (Male) |
| 5:17 | Build | House |
| 5:24 | Research | Loom |
| 5:33 | Queue | Villager (Male) |
| 5:48 | Queue | Villager (Male) |
| 6:01 | Queue | Villager (Male) |
| 6:01 | Queue | Villager (Male) |
| 6:01 | Queue | Villager (Male) |
| 6:30 | Build | House |
| 6:58 | Build | Town Center |
| 7:20 | Build | Mill |
| 7:40 | Queue | Villager (Male) |
| 7:45 | Queue | Villager (Male) |
| 7:53 | Queue | Villager (Male) |
| 7:56 | Queue | Villager (Male) |
| 8:45 | Queue | Villager (Male) |
| 8:58 | Build | Mill |
| 9:38 | Queue | Villager (Male) |
| 10:40 | Queue | Villager (Male) |
| 10:44 | Queue | Villager (Male) |
| 11:06 | Queue | Villager (Male) |
| 11:27 | Queue | Villager (Male) |
| 11:52 | Queue | Villager (Male) |
| 11:52 | Queue | Villager (Male) |
| 12:12 | Queue | Villager (Male) |
| 12:16 | Build | Palisade Wall |
| 12:20 | Build | Palisade Wall |
| 12:21 | Build | Palisade Wall |
| 12:23 | Build | Palisade Wall |
| 12:24 | Build | Palisade Wall |
| 12:32 | Queue | Villager (Male) |
| 13:13 | Build | Town Center |
| 13:59 | Queue | Villager (Male) |
| 14:02 | Queue | Villager (Male) |
| 14:02 | Queue | Villager (Male) |
| 14:11 | Queue | Villager (Male) |
| 14:11 | Queue | Villager (Male) |
| 14:17 | Build | Palisade Wall |
| 14:18 | Build | Palisade Wall |
| 14:27 | Build | Palisade Wall |
| 14:27 | Build | Palisade Wall |
| 14:28 | Queue | Villager (Male) |
| 14:43 | Queue | Villager (Male) |
| 15:06 | Build | House |
| 16:18 | Build | Farm |
| 16:20 | Build | Farm |
| 16:20 | Build | Farm |
| 16:21 | Build | Farm |
| 16:23 | Build | Farm |
| 16:23 | Build | Farm |
| 16:39 | Build | Farm |
| 17:00 | Build | Farm |
| 17:09 | Build | Palisade Wall |
| 17:19 | Queue | Villager (Male) |
| 17:32 | Queue | Villager (Male) |
| 17:37 | Build | House |
| 17:53 | Queue | Villager (Male) |
| 18:05 | Build | House |
| 18:06 | Queue | Villager (Male) |
| 18:07 | Build | Farm |
| 18:08 | Build | Farm |
| 18:16 | Queue | Villager (Male) |
| 18:20 | Queue | Villager (Male) |
| 18:36 | Build | Farm |
| 18:38 | Build | Farm |
| 18:39 | Build | Farm |
| 18:42 | Build | Lumber Camp |
| 18:45 | Queue | Villager (Male) |
| 18:49 | Build | House |
| 18:54 | Build | House |
| 19:40 | Research | Feudal Age |
| 20:09 | Build | Barracks |
| 20:15 | Queue | Villager (Male) |
| 20:19 | Build | Palisade Wall |
| 20:20 | Queue | Villager (Male) |
| 20:23 | Build | Mining Camp |
| 20:44 | Build | Palisade Wall |
| 20:45 | Build | Palisade Wall |
| 20:47 | Queue | Villager (Male) |
| 21:05 | Queue | Villager (Male) |
| 21:07 | Build | Palisade Wall |
| 21:08 | Build | Palisade Wall |
| 21:29 | Build | Palisade Wall |
| 21:30 | Build | Palisade Wall |
| 21:31 | Build | Palisade Wall |
| 21:44 | Age | Feudal Age |
| 21:50 | Build | Stable |
| 21:51 | Build | Blacksmith |
| 22:28 | Build | House |
| 22:29 | Build | House |
| 22:30 | Build | Palisade Wall |
| 22:50 | Build | Farm |
| 22:51 | Build | Farm |
| 23:03 | Research | Castle Age |
| 23:40 | Queue | Scout Cavalry |
| 23:44 | Build | Watch Tower |
| 23:57 | Build | Palisade Wall |
| 23:58 | Build | Palisade Wall |
| 24:09 | Queue | Villager (Male) |
| 24:32 | Research | Scale Barding Armor |
| 24:33 | Queue | Villager (Male) |
| 24:41 | Queue | Scout Cavalry |
| 24:42 | Queue | Villager (Male) |
| 25:22 | Queue | Villager (Male) |
| 25:28 | Age | Castle Age |
| 25:29 | Queue | Knight |
| 25:31 | Queue | Villager (Male) |
| 25:33 | Build | Siege Workshop |
| 25:35 | Queue | Villager (Male) |
| 25:49 | Build | House |
| 26:00 | Build | Farm |
| 26:11 | Queue | Knight |
| 26:20 | Queue | Villager (Male) |
| 26:26 | Queue | Mangonel |
| 26:27 | Queue | Villager (Male) |
| 27:02 | Queue | Villager (Male) |
| 27:04 | Build | Market |
| 27:27 | Queue | Knight |
| 27:32 | Build | Farm |
Match timeline
| 4:25 | DK | Good_luck · wall_segment Palisade Wall x2 |
| 4:26 | DK | Good_luck · wall_segment Palisade Wall x1 |
| 4:27 | DK | Good_luck · wall_segment Palisade Wall x1 |
| 4:27 | DK | Good_luck · wall_segment Palisade Wall x1 |
| 9:43 | DK | Good_luck · age_up feudal |
| 9:52 | DK | Good_luck · first_building Barracks |
| 11:02 | DK | Good_luck · first_building Stable |
| 12:16 | Oni.Lewis · wall_segment Palisade Wall x1 |
| 12:20 | Oni.Lewis · wall_segment Palisade Wall x1 |
| 12:21 | Oni.Lewis · wall_segment Palisade Wall x1 |
| 12:23 | Oni.Lewis · wall_segment Palisade Wall x1 |
| 12:24 | Oni.Lewis · wall_segment Palisade Wall x1 |
| 14:17 | Oni.Lewis · wall_segment Palisade Wall x1 |
| 14:18 | Oni.Lewis · wall_segment Palisade Wall x1 |
| 14:27 | Oni.Lewis · wall_segment Palisade Wall x1 |
| 14:27 | Oni.Lewis · wall_segment Palisade Wall x1 |
| 17:09 | Oni.Lewis · wall_segment Palisade Wall x1 |
| 18:43 | DK | Good_luck · first_building Archery Range |
| 20:09 | Oni.Lewis · first_building Barracks |
| 20:19 | Oni.Lewis · wall_segment Palisade Wall x1 |
| 20:20 | DK | Good_luck · wall_segment Palisade Wall x1 |
| 20:21 | DK | Good_luck · wall_segment Palisade Wall x1 |
| 20:23 | DK | Good_luck · wall_segment Palisade Wall x1 |
| 20:27 | DK | Good_luck · wall_segment Palisade Wall x1 |
| 20:44 | Oni.Lewis · wall_segment Palisade Wall x1 |
| 20:45 | Oni.Lewis · wall_segment Palisade Wall x1 |
| 21:07 | Oni.Lewis · wall_segment Palisade Wall x1 |
| 21:08 | Oni.Lewis · wall_segment Palisade Wall x1 |
| 21:29 | Oni.Lewis · wall_segment Palisade Wall x1 |
| 21:30 | Oni.Lewis · wall_segment Palisade Wall x1 |
| 21:31 | Oni.Lewis · wall_segment Palisade Wall x1 |
| 21:44 | Oni.Lewis · age_up feudal |
| 21:50 | Oni.Lewis · first_building Stable |
| 22:30 | Oni.Lewis · wall_segment Palisade Wall x1 |
| 23:57 | Oni.Lewis · wall_segment Palisade Wall x1 |
| 23:58 | Oni.Lewis · wall_segment Palisade Wall x1 |
| 25:28 | Oni.Lewis · age_up castle |
| 25:33 | Oni.Lewis · first_building Siege Workshop |
| 26:26 | DK | Good_luck · first_market_buy 100 food |
| 26:57 | DK | Good_luck · first_market_sell 100 stone |
| 27:36 | DK | Good_luck · resign |
[ AI ANALYSIS · 1 CREDIT ]
What really happened in this match?
Wolo.gg analyzes every decision: build order, eco, micro, common mistakes by bracket. Personalized analysis on WhatsApp or Discord in 30 seconds.
Civ guide
Bohemians
Perfil
Jugador #689666